 Dungeon Crawl Stone Soup version 0.31-a0-564-g3b7de120b3 (webtiles) character file.

Game seed: 12341350834550493690

88 IdlyInterested the Trooper (level 4, -3/35 HPs)
             Began as a Demonspawn Fighter on Aug 17, 2023.
             Slain by an orc
             ... wielding a +0 whip
              (5 damage)
             ... on level 3 of the Dungeon.
             The game lasted 00:04:34 (1629 turns).

IdlyInterested the Trooper (Demonspawn Fighter)     Turns: 1629, Time: 00:04:34

Health: -3/35      AC:  6    Str: 23    XL:     4   Next: 30%
Magic:  4/4        EV: 10    Int:  9    God:
Gold:   109        SH:  5    Dex: 14    Spells: 3/3 levels left

rFire   + . .        a - +0 rapier
rCold   . . .        c - +0 buckler
rNeg    . . .        b - +0 scale mail
rPois   .            o - +0 helmet
rElec   .            (no cloak)
rCorr   .            h - +0 pair of gloves
SInv    .            (no boots)
Will    .....        (no amulet) Stlth
                     i - +6 ring of strength
HPRegen 0.25/turn    (no ring)
MPRegen 0.09/turn

%: no passive effects
@: no status effects
A: ignite blood 1, powered by pain 1, deformed body, fire resistance 1
a: no special abilities


You were on level 3 of the Dungeon.
You visited 1 branch of the dungeon, and saw 3 of its levels.

You collected 109 gold pieces.

Inventory:

Hand Weapons
 a - a +0 rapier (weapon)
Missiles
 e - 24 stones (quivered)
 k - 4 poisoned darts
 p - 4 javelins
Armour
 b - a +0 scale mail (worn)
 c - a +0 buckler (worn)
 h - a +0 pair of gloves (worn)
 o - a +0 helmet (worn)
Jewellery
 i - a +6 ring of strength (left hand)
Scrolls
 j - a scroll of silence {unknown}
Potions
 d - 2 potions of might
 f - a potion of enlightenment
 g - a potion of mutation
 l - a potion of haste
 n - a potion of heal wounds


   Skills:
 - Level 3.0 Fighting
 - Level 2.0 Short Blades
 - Level 3.0 Armour
 + Level 1.4 Dodging
 - Level 3.0 Shields
 + Level 2.4 Unarmed Combat


You had 3 spell levels left.
You didn't know any spells.
Your spell library contained the following spells:

 Spells                   Type           Power      Damage    Failure   Level
 Summon Small Mammal      Summ           0%         N/A       77%         1
 Call Canine Familiar     Summ           0%         N/A       98%         3
 Summon Guardian Golem    Hex/Summ       0%         N/A       98%         3


Dungeon Overview and Level Annotations

Branches:
Dungeon (3/15)

Altars:


Innate Abilities, Weirdness & Mutations

Your demonic aura sometimes causes spilled blood to erupt in flames.
You sometimes gain a little power by taking damage.
Armour fits poorly on your strangely shaped body.
Your flesh is heat resistant. (rF+)


Message History

You hit something.
You hear some strange, mumbled words.
A magic dart appears from out of thin air!
The magic dart hits you. The orc hits you but does no damage.
You miss something. Something hits you but does no damage.
You block the orc's attack. Something hits you. You block the orc's attack.
You hit something.
You hear some strange, mumbled words.
A puff of flame appears from out of thin air!
The puff of flame hits you. You resist. The orc hits you but does no damage.
You miss something. Something hits you but does no damage.
The orc closely misses you.
You barely miss something. Something hits you but does no damage.
The orc hits you but does no damage.
You hit something.
Reactivating autopickup.
You feel a bit more experienced.
You have reached level 4!
You feel stronger.
You barely miss the orc. The orc hits you but does no damage.
You hit the orc.
The orc is moderately wounded.
You block the orc's attack. The orc hits you with a +0 whip.
* * * LOW HITPOINT WARNING * * *
You completely miss the orc.
The orc is moderately wounded.
The orc barely misses you. The orc hits you but does no damage.
The orc hits you with a +1 dagger of electrocution.
* * * LOW HITPOINT WARNING * * *
The orc closely misses you.
You hit the orc.
The orc is severely wounded.
You block the orc's attack. The orc hits you with a +0 whip.
* * * LOW HITPOINT WARNING * * *
You barely miss the orc.
The orc is severely wounded.
The orc hits you with a +1 dagger of electrocution.
* * * LOW HITPOINT WARNING * * *
The orc hits you with a +0 whip.
You die...

## .# .#
.## #. ..
#. .#
###.#####o#
#.......@o#
#.......###
.#.......#
.........#
#.....<.#
#.......#
#.......#
#########


You could see 2 orcs.

Vanquished Creatures
  An orc wizard (D:3)
  An adder (D:2)
  2 dart slugs (D:1)
  An endoplasm (D:1)
  2 giant cockroaches
  4 goblins
  8 hobgoblins
  4 jackals (D:2)
  5 kobolds
  3 quokkas
  6 ball pythons
  2 bats
  4 frilled lizards
  4 rats (D:1)
47 creatures vanquished.

Notes
Turn   | Place    | Note
-------+----------+-------------------------------------------
     0 | D:1      | IdlyInterested the Demonspawn Fighter began the quest for
                  | the Orb.
     0 | D:1      | Reached XP level 1. HP: 18/18 MP: 1/1
   107 | D:1      | Reached skill level 1 in Unarmed Combat
   107 | D:1      | Gained mutation: You sometimes gain a little power by
                  | taking damage. [demonic ancestry]
   107 | D:1      | Reached XP level 2. HP: 13/24 MP: 2/2
   526 | D:1      | Gained mutation: Your demonic aura sometimes causes spilled
                  | blood to erupt in flames. [demonic ancestry]
   526 | D:1      | Reached XP level 3. HP: 29/29 MP: 3/3
   986 | D:2      | Gained mutation: Armour fits poorly on your strangely
                  | shaped body. [potion of mutation]
   986 | D:2      | Gained mutation: Your flesh is heat resistant. (rF+)
                  | [potion of mutation]
  1264 | D:2      | Reached skill level 1 in Dodging
  1625 | D:3      | Reached XP level 4. HP: 14/35 MP: 4/4
  1629 | D:3      | Slain by an orc

Illustrated notes

Levels and vault maps discovered:
D:1:      dpeg_arrival_signposts, layout_basic
D:2:      layout_loops_ring
D:3:      layout_loops_cross, fedhas_altar_1, nicolae_the_louvre, uniq_robin

Skill      XL: |  1  2  3 |
---------------+----------+-----
Short Blades   | 2 |  2.0
Unarmed Combat | 1 2 |  2.4
Armour         | 3 |  3.0
Shields        | 3 |  3.0
Dodging        | 1 |  1.4
Fighting       | |  3.0

Action                     |  1- 3 |  4- 6 || total
---------------------------+-------+-------++-------
  Melee: Rapier            |   177 |     5 ||   182
  Throw: Stone             |     4 |       ||     4
    Use: Scroll            |     3 |       ||     3
         Potion            |     1 |       ||     1
 Armour: Scale mail        |    66 |     2 ||    68
  Dodge: Dodged            |    70 |     2 ||    72
  Block: Buckler           |    43 |     2 ||    45

Table legend: (Time is in decaauts)
 A = Elapsed time spent in this place.
 B = Non-inter-level travel time spent in this place.
 C = Inter-level travel time spent in this place.
 D = Time resting spent in this place.
 E = Time spent auto-exploring this place.
 F = Levels seen in this place.
 G = Mean time per level.
                   A        B        C        D        E       F      G
               +--------+--------+--------+--------+--------+-----+--------+
         Total |   1653 |   1542 |    111 |     72 |   1018 |   3 |  551.0 |
       Dungeon |   1653 |   1542 |    111 |     72 |   1018 |   3 |  551.0 |
               +--------+--------+--------+--------+--------+-----+--------+

Top non-repeatable levels by time:
     D:1: 896 daAuts
     D:2: 734 daAuts
     D:3: 23 daAuts
